 Dungeon Crawl Stone Soup version 0.26-a0-752-gcff87cac9a (webtiles) character file.

Game seed: 15766043836752354103

6 lunkers the Digger (level 2, -2/19 HPs)
             Began as a Formicid Earth Elementalist on Nov 6, 2020.
             Slain by a jackal (3 damage)
             ... on level 1 of the Dungeon.
             The game lasted 00:00:29 (75 turns).

lunkers the Digger (Formicid Earth Elementalist)      Turns: 75, Time: 00:00:29

Health: -2/19      AC:  2    Str: 12    XL:     2   Next: 0%
Magic:  1/5        EV: 12    Int: 14    God:
Gold:   0          SH:  0    Dex: 11    Spells: 4/5 levels left

rFire    . . .     SeeInvis +   (no weapon)
rCold    . . .     Faith    .   (no shield)
rNeg     . . .     Spirit   .   c - +0 robe
rPois    .         Reflect  .   (helmet unavailable)
rElec    .         Harm     .   (no cloak)
rCorr    .         Rampage  .   (no gloves)
MR       .....                  (no boots)
Stlth    ++........             (no amulet)
HPRegen  0.06/turn              (no ring)
MPRegen  0.09/turn              (no ring)

@: no status effects
A: permanent stasis, dig shafts and tunnels, four strong arms, antennae 3
a: Dig, Shaft Self


You were on level 1 of the Dungeon.
You visited 1 branch of the dungeon, and saw 1 of its levels.

Inventory:

Missiles
 b - 25 stones (quivered)
Armour
 c - a +0 robe (worn)


   Skills:
 - Level 1.7 Dodging
 - Level 2.4 Stealth
 + Level 2.3 Spellcasting
   Level 1.1 Transmutations
 * Level 4.0 Earth Magic


You had 4 spell levels left.
You knew the following spells:

 Your Spells              Type           Power        Failure   Level
a - Sandblast             Erth           ##....       4%          1

Your spell library contained the following spells:

 Spells                   Type           Power        Failure   Level
 Passwall                 Tmut/Erth      #.......     12%         2
 Stone Arrow              Conj/Erth      #.....       30%         3
 Petrify                  Tmut/Erth      #.......     61%         4
 Lee's Rapid Deconstruct  Erth           ##........   77%         5


Dungeon Overview and Level Annotations

Branches:
Dungeon (1/15)

Altars:


Innate Abilities, Weirdness & Mutations

You cannot be hasted, slowed, berserked, paralysed or teleported.
You can dig through walls and to a lower floor.
Your four strong arms can wield two-handed weapons with a shield.
You have a pair of large antennae on your head. (SInv)


Message History

Casting: Sandblast (safe; 4% risk of failure)
Confirm with . or Enter, or press ? or * to list all spells.
Aiming: Sandblast (safe; 4% risk of failure)
Press: ? - help, Shift-Dir - straight line, f - jackal
Aim: a jackal The blast of sand hits the jackal!
You kill the jackal!
Your Earth Magic skill increases to level 4!
You have reached level 2!
b - 25 stones
* * * LOW MAGIC WARNING * * *
The jackal closely misses you. The jackal misses you.
The jackal bites you but does no damage.
The kobold throws a stone.
The stone hits you but does no damage.
You see here a stone.
The jackal bites you.
* * * LOW HITPOINT WARNING * * *
The jackal bites you.
You die...

### #.#####
#@#8.8##
#.h....#
#......#
#.r.8..##
##.l..(.8#
#.......<#
#.......8# ..
#.K..8..##
..#####.......#


You could see a jackal, a kobold, a frilled lizard and a rat.

Vanquished Creatures
  A leopard gecko (D:1)
  A hobgoblin (D:1)
  A jackal (D:1)
  2 frilled lizards (D:1)
5 creatures vanquished.

Notes
Turn   | Place    | Note
-------+----------+-------------------------------------------
     0 | D:1      | lunkers the Formicid Earth Elementalist began the quest for
                  | the Orb.
     0 | D:1      | Reached XP level 1. HP: 13/13 MP: 3/3
    65 | D:1      | Reached skill level 4 in Earth Magic
    65 | D:1      | Reached XP level 2. HP: 2/19 MP: 0/5
    75 | D:1      | Slain by a jackal

Illustrated notes

Levels and vault maps discovered:
D:1:      mrwooster_arrival_statue_2, layout_basic, ashenzari_altar_1

Skill      XL: |  1 |
---------------+----+-----
Earth Magic    | 4 |  4.0
Dodging        | |  1.7
Stealth        | |  2.4
Spellcasting   | |  2.3
Transmutations | |  1.1

Action                   || total
-------------------------++-------
Melee: Unarmed           ||     1
 Cast: Sandblast         ||     5
Armor: Robe              ||     2
Dodge: Dodged            ||     8

Table legend: (Time is in decaauts)
 A = Elapsed time spent in this place.
 B = Non-inter-level travel time spent in this place.
 C = Inter-level travel time spent in this place.
 D = Time resting spent in this place.
 E = Time spent auto-exploring this place.
 F = Levels seen in this place.
 G = Mean time per level.
                   A        B        C        D        E       F      G
               +--------+--------+--------+--------+--------+-----+--------+
         Total |     75 |     75 |      0 |      0 |     33 |   1 |   75.0 |
       Dungeon |     75 |     75 |      0 |      0 |     33 |   1 |   75.0 |
               +--------+--------+--------+--------+--------+-----+--------+

Top non-repeatable levels by time:
     D:1: 75 daAuts
